 Dungeon Crawl Stone Soup version 0.31-a0-152-g6aa68a64a1 (webtiles) character file.

Game seed: 1597560100660068968

21508 qw the Marksminotaur (level 12, -11/106 HPs)
             Began as a Minotaur Hunter on June 9, 2023.
             Was an Elder of Okawaru.
             Mangled by Snorg (14 damage)
             ... on level 3 of the Lair of Beasts.
             The game lasted 00:05:12 (10547 turns).

qw the Marksminotaur (Minotaur Hunter)             Turns: 10547, Time: 00:05:13

Health: -11/106    AC: 18    Str: 17    XL:     12   Next: 54%
Magic:  18/18      EV: 22    Int:  8    God:    Okawaru [****..]
Gold:   1059       SH:  0    Dex: 24    Spells: 11/11 levels left

rFire   + . .        g - +1 orcbow
rCold   . . .        (shield currently unavailable)
rNeg    . . .        k - +3 ring mail {rF+}
rPois   .            o - +3 crown of Dyrovepreva {rElec Int+2 SInv}
rElec   +            (no cloak)
rCorr   .            e - +2 pair of gloves
SInv    +            b - +0 pair of boots
Will    +....        h - amulet of regeneration
Stlth   +++          q - ring of willpower
HPRegen 1.17/turn    m - +6 ring of dexterity
MPRegen 0.16/turn

%: no passive effects
@: lethally poisoned (-11 -> -12), about to teleport, heroic
A: horns 2, retaliatory headbutt
a: Renounce Religion, Heroism, Finesse


You were on level 3 of the Lair of Beasts.
You worshipped Okawaru.
Okawaru was greatly pleased with you.
You visited 3 branches of the dungeon, and saw 17 of its levels.
You also visited: Ossuary.

You collected 1178 gold pieces.
You spent 119 gold pieces at shops.


Innate Abilities, Weirdness & Mutations

You have a pair of horns on your head.
You reflexively headbutt those who attack you in melee.


   Skills:
 + Level 10.1(15.1) Fighting
 - Level 16.0(21.0) Ranged Weapons
 - Level 5.1(10.1) Armour
 - Level 9.0(14.0) Dodging
 - Level 0.7(5.7) Stealth
 - Level 10.0 Invocations


You had 11 spell levels left.
You didn't know any spells.
Your spell library was empty.

Inventory:

Hand Weapons
 g - a +1 orcbow (weapon)
Armour
 b - a +0 pair of boots (worn)
 e - a +2 pair of gloves (worn)
 k - a +3 ring mail of fire resistance (worn)
 o - the +3 crown of Dyrovepreva (worn) {rElec Int+2 SInv}
   (You acquired it on level 10 of the Dungeon)

   Int:       It affects your intelligence (+2).
   rElec:     It insulates you from electricity.
   SInv:      It lets you see invisible.
Jewellery
 f - a ring of fire
 h - an amulet of regeneration (around neck)
 m - a +6 ring of dexterity (right hand)
 q - a ring of willpower (left hand)
 Y - a ring of resist corrosion
Scrolls
 a - 13 scrolls of identify
 d - 3 scrolls of teleportation
Potions
 c - a potion of magic
 i - a potion of might
 j - a potion of mutation
 l - 3 potions of haste
 p - a potion of resistance

Dungeon Overview and Level Annotations

Branches:
Dungeon (11/15)            Temple (1/1) D:6            Lair (5/5) D:11
  Swamp (0/4) Lair:2        Snake (0/4) Lair:3      Ossuary (visited)
  Slime: Lair:4-5       Orc: D:9-12

Altars:
Ashenzari
Cheibriados
Dithmenos
Elyvilon
Fedhas
Gozag
Hepliaklqana
Kikubaaqudgha
Makhleb
Nemelex Xobeh
Okawaru
Qazlal
Ru
Sif Muna
Trog
Uskayaw
Vehumet
Wu Jian
Xom
Yredelemnul
Zin
The Shining One

Shops:
D:7 [

Annotations:
D:6 1 runed translucent door, Crazy Yiuf
Lair:3 Snorg


Message History

Snorg barely misses you. Snorg claws you. The naga spits poison at you.
The splash of poison hits you.
You are poisoned.
The naga constricts you.
You shoot an arrow. The arrow barely misses the naga.
You feel sick. Snorg bites you but does no damage. Snorg misses you.
Snorg claws you!
You shoot an arrow. The arrow completely misses the naga.
Snorg bites you. Snorg claws you. Snorg claws you! The naga barely misses you.
You furiously retaliate!
You headbutt the naga. The naga constricts you.
You shoot an arrow. The arrow barely misses the naga.
You feel sick. Snorg misses you. Snorg claws you but does no damage.
Snorg claws you! The naga spits poison at you.
The splash of poison hits you but does no damage.
You are more poisoned.
The naga constricts you.
You shoot an arrow. The arrow hits the naga!
You kill the naga!
Okawaru accepts your kill.
You feel sick.
Snorg completely misses you. x2; Snorg closely misses you.
Snorg misses you. You furiously retaliate!
You headbutt Snorg, but do no damage. Snorg misses you.
Snorg claws you but does no damage.
You shoot an arrow. The arrow hits Snorg.
Snorg is moderately wounded.
You feel sick. Snorg bites you!! Snorg claws you but does no damage.
Snorg claws you!
10545 ||| READING 4 scrolls of teleportation.
As you read the scroll of teleportation, it crumbles to dust.
You feel strangely unstable.
You feel sick. Snorg bites you but does no damage. Snorg closely misses you. x2
You shoot an arrow. The arrow hits Snorg!
Snorg is heavily wounded.
You feel sick. Snorg completely misses you. Snorg claws you but does no damage.
Snorg barely misses you.
You shoot an arrow. The arrow hits Snorg.
Snorg is heavily wounded.
You feel sick. Snorg bites you! Snorg claws you!
You die...

.... ... ....
#... .....
..... ...
##..P.. ...
....... #.#
.......
~~#~##T#.......
~~~~~~.@.......
~~~~~~P).#....#
~.PP~~~.... ...
.....~~~..... .
....~.~~.......
..>...~~..!....
......~~.......
.P...~~~.......


You could see Snorg (berserk).

Vanquished Creatures
  Gastronok (Lair:2)
  2 hydras
  Erica (Lair:1)
  A boulder beetle (D:10)
  Nergalle (Lair:2)
  A deep elf pyromancer (D:9)
  A manticore (D:11)
  2 cyclopes (D:11)
  A black mamba (Lair:2)
  9 cane toads
  A kobold demonologist (D:11)
  A komodo dragon (Lair:1)
  8 blink frogs (Lair:2)
  A hornet (D:11)
  A wraith (D:9)
  24 yaks
  A shadow (D:10)
  2 wyverns
  A basilisk (Lair:2)
  A steam dragon (D:9)
  8 vampire mosquitoes (D:11)
  2 acid dragons
  A naga (Lair:3)
  3 water moccasins
  An ice beast (D:7)
  A sky beast (D:7)
  2 black bears
  An orc warrior (D:7)
  3 ogres
  9 centaurs
  3 phantoms
  2 kobold brigands
  Blork the orc (D:6)
  12 bullfrogs
  3 gnoll sergeants
  2 scorpions
  3 wights (D:8)
  8 killer bees (D:9)
  7 howler monkeys
  7 electric eels (Lair:2)
  A crimson imp (D:5)
  7 hounds
  6 orc priests
  A jelly (D:6)
  An iguana (D:5)
  6 orc wizards
  8 mummies (Ossuary)
  14 gnolls
  4 adders
  A shadow imp (D:8)
  A white imp (D:7)
  2 ufetubi
  A worm (D:4)
  3 dart slugs
  29 orcs
  7 endoplasms
  5 giant cockroaches
  A gnoll zombie (Ossuary)
  5 goblins
  4 hobgoblins
  4 jackals
  4 quokkas
  11 ball pythons
  5 bats
  3 frilled lizards (D:1)
  A hobgoblin zombie (Ossuary)
  12 kobolds
  4 kobold zombies (Ossuary)
  2 orc zombies (Ossuary)
  2 rats
295 creatures vanquished.

Vanquished Creatures (others)
  A centaur (D:11)
1 creature vanquished.

Grand Total: 296 creatures vanquished

Notes
Turn   | Place    | Note
-------+----------+-------------------------------------------
     0 | D:1      | qw the Minotaur Hunter began the quest for the Orb.
     0 | D:1      | Reached XP level 1. HP: 18/18 MP: 0/0
     0 | D:1      | 0 ||| qw: Version: 0.2-a-120-g592f744
     0 | D:1      | 0 ||| qw: Game counter: 3166
     0 | D:1      | 0 ||| qw: Always use a shield: true
     0 | D:1      | 0 ||| qw: God list: Okawaru
     0 | D:1      | 0 ||| qw: Allow faded altars: false
     0 | D:1      | 0 ||| qw: Do Orc after D:15 true
     0 | D:1      | 0 ||| qw: Do second Lair branch before Depths: true
     0 | D:1      | 0 ||| qw: Lair rune preference: random
     0 | D:1      | 0 ||| qw: Plans: Normal
     0 | D:1      | 0 ||| PLANNING D:1-11
   157 | D:1      | Found a faded altar of an unknown god.
   215 | D:1      | Reached XP level 2. HP: 22/25 MP: 1/1
   282 | D:1      | Reached skill level 5 in Ranged Weapons
   520 | D:1      | Reached skill level 3 in Fighting
   858 | D:1      | 858 ||| READING 5 scrolls labelled NIRRINY PAOH.
   859 | D:1      | 859 ||| READING scroll labelled RIPOQ OHEIM.
   860 | D:1      | 860 ||| READING scroll labelled XURPHI GOQEH.
   861 | D:1      | 861 ||| READING scroll labelled ISEOTY NOBOU.
   865 | D:1      | 865 ||| READING scroll labelled GAOFEA WYULEQA.
   866 | D:1      | 866 ||| READING scroll labelled CIEREGAUTA.
   867 | D:1      | 867 ||| READING 4 scrolls of identify.
   867 | D:1      | 867 ||| IDENTIFYING white potion
   868 | D:1      | 868 ||| READING 3 scrolls of identify.
   868 | D:1      | 868 ||| IDENTIFYING puce potion
   869 | D:1      | 869 ||| READING 2 scrolls of identify.
   869 | D:1      | 869 ||| IDENTIFYING silvery potion
   870 | D:1      | 870 ||| DROPPING scroll of butterflies.
   871 | D:1      | 871 ||| DROPPING potion of enlightenment.
   872 | D:1      | 872 ||| DROPPING potion of attraction.
   936 | D:2      | Reached XP level 3. HP: 31/31 MP: 2/2
  1217 | D:2      | 1217 ||| READING scroll of brand weapon.
  1217 | D:2      | 1217 ||| BRANDING +1 shortbow of electrocution.
  1260 | D:2      | 1260 ||| UPGRADING to +0 pair of boots.
  1265 | D:2      | 1265 ||| UPGRADING to +0 pair of gloves.
  1324 | D:3      | Reached skill level 1 in Armour
  1324 | D:3      | Reached XP level 4. HP: 38/38 MP: 3/3
  1442 | D:3      | Reached skill level 6 in Ranged Weapons
  1471 | D:3      | Noticed a scorpion
  1473 | D:3      | Killed a scorpion
  1474 | D:3      | Reached XP level 5. HP: 47/47 MP: 4/4
  1477 | D:3      | 1477 ||| READING scroll of enchant weapon.
  1477 | D:3      | 1477 ||| ENCHANTING +1 shortbow of draining.
  1691 | D:3      | 1691 ||| READING scroll of enchant weapon.
  1691 | D:3      | 1691 ||| ENCHANTING +2 shortbow of draining.
  1905 | D:3      | 1905 ||| UPGRADING to +0 ring mail.
  1915 | D:3      | 1915 ||| DROPPING +0 leather armour.
  1916 | D:3      | 1916 ||| DROPPING +6 ring of intelligence.
  1917 | D:3      | 1917 ||| READING scroll labelled DAYRESTR PILON.
  1918 | D:3      | 1918 ||| READING scroll labelled DOFUTU VECYKK.
  1919 | D:3      | 1919 ||| DRINKING 2 dark potions.
  1920 | D:3      | 1920 ||| READING 3 scrolls of identify.
  1920 | D:3      | 1920 ||| IDENTIFYING amethyst potion
  2117 | D:4      | Noticed a black bear
  2120 | D:4      | Killed a black bear
  2121 | D:4      | Reached skill level 7 in Ranged Weapons
  2241 | D:4      | Reached XP level 6. HP: 53/53 MP: 5/5
  2505 | D:4      | Found a stormy altar of Qazlal.
  2511 | D:4      | Found a shimmering blue altar of Sif Muna.
  2514 | D:4      | Found a white marble altar of Elyvilon.
  2734 | D:4      | 2734 ||| READING scroll labelled OPIELA RURUDO.
  2735 | D:4      | 2735 ||| READING 2 scrolls labelled DIDOWI OMNIXTU.
  2736 | D:4      | 2736 ||| READING 4 scrolls of identify.
  2736 | D:4      | 2736 ||| IDENTIFYING glowing clear potion
  2737 | D:4      | 2737 ||| DROPPING potion of lignification.
  2738 | D:4      | 2738 ||| DROPPING scroll of magic mapping.
  2774 | D:5      | Entered Level 5 of the Dungeon
  2815 | D:5      | Reached skill level 8 in Ranged Weapons
  2835 | D:5      | Identified the +0 robe "Fikkyef" {Dex+3}
  2873 | D:5      | Found a burning altar of Makhleb.
  2873 | D:5      | Found a radiant altar of Vehumet.
  2880 | D:5      | Reached XP level 7. HP: 58/60 MP: 6/6
  2978 | D:5      | 2978 ||| Stepping ~*~*~tactically~*~*~ (water).
  2980 | D:5      | Reached skill level 3 in Dodging
  3106 | D:5      | Reached skill level 9 in Ranged Weapons
  3540 | D:5      | 3540 ||| UPGRADING to +0 robe "Fikkyef" {Dex+3}.
  3550 | D:5      | 3550 ||| DROPPING +0 ring mail.
  3551 | D:5      | 3551 ||| DROPPING amulet of magic regeneration.
  3683 | D:6      | Reached XP level 8. HP: 69/69 MP: 7/7
  3701 | D:6      | Found a staircase to the Ecumenical Temple.
  3702 | D:6      | 3702 ||| PLANNING TEMPLE
  3709 | Temple   | Entered the Ecumenical Temple
  3710 | Temple   | 3710 ||| PLANNING OKAWARU WORSHIP
  3752 | Temple   | Became a worshipper of Warmaster Okawaru
  3752 | Temple   | 3752 ||| PLANNING D:1-11
  3764 | D:6      | Reached skill level 6 in Fighting
  3771 | D:6      | 3771 ||| FLEEEEING.
  3772 | D:6      | HP: 10/70 [centaur/arrow (13)]
  3773 | D:6      | 3773 ||| READING 2 scrolls of teleportation.
  4120 | D:6      | 4120 ||| SWAPPING to +0 orcbow.
  4121 | D:6      | 4121 ||| DROPPING +3 shortbow of draining.
  4142 | D:6      | Reached * piety under Okawaru
  4143 | D:6      | Reached skill level 10 in Ranged Weapons
  4162 | D:6      | Noticed Blork the orc
  4163 | D:6      | 4163 ||| INVOKING Heroism.
  4173 | D:6      | Killed Blork the orc
  4223 | D:6      | Found a bloodstained altar of Trog.
  4223 | D:6      | Found a broken altar of Ashenzari.
  4224 | D:6      | Found a glowing silver altar of Zin.
  4342 | D:6      | Found a shadowy altar of Dithmenos.
  4400 | D:6      | Found a runed translucent door.
  4401 | D:6      | Noticed Crazy Yiuf
  4502 | D:6      | 4502 ||| UPGRADING to amulet of regeneration.
  4590 | D:7      | 4590 ||| INVOKING Heroism.
  4652 | D:7      | Found the necklace of Bloodlust {Fury *Rage Will++ Int-3
                  | Slay+6}
  4704 | D:7      | Found Boaskaag's Antique Armour Shoppe.
  4721 | D:7      | 4721 ||| BUYING shiny ring mail (119 gold).
  4721 | D:7      | Bought a shiny ring mail for 119 gold pieces
  4776 | D:7      | 4776 ||| INVOKING Heroism.
  4828 | D:7      | 4828 ||| INVOKING Heroism.
  4917 | D:7      | 4917 ||| Stepping ~*~*~tactically~*~*~ (outnumbered).
  4921 | D:7      | 4921 ||| Stepping ~*~*~tactically~*~*~ (outnumbered).
  4974 | D:7      | Reached skill level 11 in Ranged Weapons
  4974 | D:7      | Reached XP level 9. HP: 79/79 MP: 8/8
  5037 | D:7      | Found a sacrificial altar of Ru.
  5142 | D:7      | 5142 ||| UPGRADING to +3 ring mail of fire resistance.
  5152 | D:7      | 5152 ||| DROPPING +0 robe "Fikkyef" {Dex+3}.
  5153 | D:7      | 5153 ||| READING 7 scrolls of identify.
  5153 | D:7      | 5153 ||| IDENTIFYING fizzy coppery potion
  5177 | D:7      | Reached skill level 1 in Invocations
  5216 | D:8      | 5216 ||| PLANNING OSSUARY
  5220 | D:8      | 5220 ||| STAIRDANCE
  5237 | D:8      | Reached skill level 3 in Armour
  5265 | D:8      | Found a sand-covered staircase.
  5271 | Ossuary  | Entered an ossuary
  5347 | Ossuary  | 5347 ||| READING scroll of enchant weapon.
  5347 | Ossuary  | 5347 ||| ENCHANTING +0 orcbow.
  5435 | Ossuary  | 5435 ||| READING scroll labelled AFEH JIQIANUMM.
  5436 | Ossuary  | 5436 ||| DRINKING 2 bubbling emerald potions.
  5437 | Ossuary  | 5437 ||| READING 8 scrolls of identify.
  5437 | Ossuary  | 5437 ||| IDENTIFYING bubbling grey potion
  5438 | Ossuary  | 5438 ||| READING 7 scrolls of identify.
  5438 | Ossuary  | 5438 ||| IDENTIFYING metallic purple potion
  5439 | Ossuary  | 5439 ||| DROPPING potion of brilliance.
  5459 | D:8      | 5459 ||| PLANNING D:1-11
  5711 | D:8      | Found a blossoming altar of Fedhas.
  5763 | D:8      | 5763 ||| Stepping ~*~*~tactically~*~*~ (outnumbered).
  5768 | D:8      | 5768 ||| FLEEEEING.
  5775 | D:8      | 5775 ||| INVOKING Heroism.
  5777 | D:8      | Reached skill level 3 in Invocations
  5787 | D:8      | 5787 ||| Stepping ~*~*~tactically~*~*~ (outnumbered).
  5792 | D:8      | HP: 19/79 [gnoll sergeant/+0 spear (4)]
  5793 | D:8      | 5793 ||| READING 7 scrolls of teleportation.
  5794 | D:8      | 5794 ||| DRINKING potion of heal wounds.
  5796 | D:8      | 5796 ||| INVOKING Heroism.
  5872 | D:8      | 5872 ||| INVOKING Heroism.
  5873 | D:8      | 5873 ||| DRINKING 2 potions of curing.
  5873 | D:8      | 5873 ||| (to cure confusion)
  5877 | D:8      | Reached skill level 12 in Ranged Weapons
  5884 | D:8      | HP: 18/75 [wight/+3 halberd of freezing (1)]
  5885 | D:8      | 5885 ||| READING 6 scrolls of teleportation.
  5888 | D:8      | 5888 ||| DRINKING potion of curing.
  5888 | D:8      | 5888 ||| (to cure confusion)
  5954 | D:8      | 5954 ||| Stepping ~*~*~tactically~*~*~ (outnumbered).
  5956 | D:8      | 5956 ||| Stepping ~*~*~tactically~*~*~ (outnumbered).
  6030 | D:8      | 6030 ||| INVOKING Heroism.
  6049 | D:8      | 6049 ||| Stepping ~*~*~tactically~*~*~ (outnumbered).
  6069 | D:8      | Reached ** piety under Okawaru
  6345 | D:8      | 6345 ||| READING scroll of enchant armour.
  6345 | D:8      | 6345 ||| ENCHANTING +0 pair of gloves.
  6411 | D:9      | Found a hazy altar of Hepliaklqana.
  6471 | D:9      | Noticed a deep elf pyromancer
  6487 | D:9      | Killed a deep elf pyromancer
  6488 | D:9      | Reached XP level 10. HP: 73/89 MP: 12/12
  6544 | D:9      | Found a shimmering altar of Xom.
  6575 | D:9      | Reached skill level 13 in Ranged Weapons
  6778 | D:9      | 6778 ||| INVOKING Heroism.
  6871 | D:9      | Reached skill level 9 in Fighting
  6871 | D:9      | 6871 ||| INVOKING Heroism.
  6973 | D:9      | 6973 ||| INVOKING Heroism.
  7116 | D:9      | 7116 ||| UPGRADING to ring of resist corrosion.
  7117 | D:9      | 7117 ||| UPGRADING to +6 ring of dexterity.
  7122 | D:10     | Entered Level 10 of the Dungeon
  7160 | D:10     | Reached skill level 6 in Dodging
  7225 | D:10     | Reached *** piety under Okawaru
  7240 | D:10     | 7240 ||| FLEEEEING.
  7241 | D:10     | 7241 ||| FLEEEEING.
  7242 | D:10     | 7242 ||| FLEEEEING.
  7243 | D:10     | 7243 ||| FLEEEEING.
  7244 | D:10     | 7244 ||| FLEEEEING.
  7298 | D:10     | Noticed a boulder beetle
  7299 | D:10     | 7299 ||| INVOKING Heroism.
  7311 | D:10     | Killed a boulder beetle
  7312 | D:10     | Reached skill level 14 in Ranged Weapons
  7741 | D:10     | Found a sparkling altar of Nemelex Xobeh.
  7754 | D:10     | Identified the +0 scale mail "Agysufe" {Int+2 SInv}
  7767 | D:10     | 7767 ||| READING scroll of enchant armour.
  7767 | D:10     | 7767 ||| ENCHANTING +1 pair of gloves.
  7830 | D:10     | 7830 ||| READING scroll labelled ONUUNILLAO.
  7830 | D:10     | Identified a scroll of acquirement
  7830 | D:10     | 7830 ||| ACQUIRING +3 crown of Dyrovepreva {rElec Int+2
                  | SInv}
  7830 | D:10     | Acquired the +3 crown of Dyrovepreva {rElec Int+2 SInv}
  7830 | D:10     | Found the +3 crown of Dyrovepreva {rElec Int+2 SInv}
  7832 | D:10     | 7832 ||| UPGRADING to +3 crown of Dyrovepreva {rElec Int+2
                  | SInv}.
  7884 | D:11     | Reached **** piety under Okawaru
  7888 | D:11     | Reached XP level 11. HP: 87/99 MP: 13/13
  8013 | D:11     | 8013 ||| INVOKING Heroism.
  8014 | D:11     | 8014 ||| Stepping ~*~*~tactically~*~*~ (outnumbered).
  8079 | D:11     | 8079 ||| Stepping ~*~*~tactically~*~*~ (outnumbered).
  8082 | D:11     | 8082 ||| Stepping ~*~*~tactically~*~*~ (outnumbered).
  8087 | D:11     | 8087 ||| INVOKING Heroism.
  8119 | D:11     | Found a staircase to the Lair.
  8192 | D:11     | 8192 ||| INVOKING Heroism.
  8250 | D:11     | 8250 ||| INVOKING Heroism.
  8263 | D:11     | Reached skill level 6 in Invocations
  8524 | D:11     | 8524 ||| PLANNING LAIR
  8524 | D:11     | 8524 ||| READING scroll labelled MUDAIZ QIALEOH.
  8525 | D:11     | 8525 ||| READING 13 scrolls of identify.
  8525 | D:11     | 8525 ||| IDENTIFYING bubbling clear potion
  8588 | Lair:1   | Entered Level 1 of the Lair of Beasts
  8589 | Lair:1   | 8589 ||| STAIRDANCE
  8700 | Lair:1   | 8700 ||| INVOKING Heroism.
  8717 | Lair:1   | Noticed Erica
  8722 | Lair:1   | HP: 24/99 [cane toad (18)]
  8723 | Lair:1   | 8723 ||| READING 5 scrolls of teleportation.
  8724 | Lair:1   | 8724 ||| DRINKING potion of heal wounds.
  8728 | Lair:1   | 8728 ||| INVOKING Heroism.
  8802 | Lair:1   | 8802 ||| INVOKING Heroism.
  8812 | Lair:1   | Killed Erica
  8813 | Lair:1   | Reached skill level 15 in Ranged Weapons
  8910 | Lair:1   | 8910 ||| INVOKING Heroism.
  9292 | Lair:1   | 9292 ||| READING scroll labelled BIEREBBASHRU.
  9334 | Lair:1   | 9334 ||| DRINKING 2 glowing puce potions.
  9353 | Lair:2   | Noticed a seven-headed hydra
  9354 | Lair:2   | 9354 ||| INVOKING Heroism.
  9368 | Lair:2   | 9368 ||| STAIRDANCE
  9373 | Lair:1   | Killed a seven-headed hydra
  9444 | Lair:2   | 9444 ||| STAIRDANCE
  9447 | Lair:1   | Reached XP level 12. HP: 95/106 MP: 17/17
  9464 | Lair:2   | Noticed a five-headed hydra
  9465 | Lair:2   | 9465 ||| INVOKING Heroism.
  9471 | Lair:2   | Noticed Nergalle
  9473 | Lair:2   | Killed a five-headed hydra
  9486 | Lair:2   | Killed Nergalle
  9563 | Lair:2   | 9563 ||| INVOKING Heroism.
  9575 | Lair:2   | Reached skill level 9 in Invocations
  9620 | Lair:2   | 9620 ||| INVOKING Heroism.
  9734 | Lair:2   | 9734 ||| INVOKING Heroism.
  9747 | Lair:2   | Noticed Gastronok
  9764 | Lair:2   | Killed Gastronok
  9773 | Lair:2   | Reached skill level 16 in Ranged Weapons
  9804 | Lair:2   | Found a staircase to the Swamp.
 10000 | Lair:2   | 10000 ||| DRINKING potion of cancellation.
 10070 | Lair:2   | Reached ***** piety under Okawaru
 10332 | Lair:2   | 10332 ||| INVOKING Heroism.
 10401 | Lair:2   | 10401 ||| UPGRADING to ring of willpower.
 10449 | Lair:3   | You fall into a shaft and drop 2 floors!
 10449 | Lair:5   | Entered Level 5 of the Lair of Beasts
 10525 | Lair:3   | Noticed Snorg
 10525 | Lair:3   | Found a staircase to the Snake Pit.
 10526 | Lair:3   | 10526 ||| INVOKING Heroism.
 10531 | Lair:3   | Reached skill level 9 in Dodging
 10544 | Lair:3   | HP: 22/106 [Snorg (24)]
 10545 | Lair:3   | 10545 ||| READING 4 scrolls of teleportation.
 10547 | Lair:3   | HP: 3/106 [Snorg (11)]
 10547 | Lair:3   | Mangled by Snorg

Levels and vault maps discovered:
D:1:      spicycebolla_arrival_xxxplode, layout_loops_corners,
          shapermc_ecumenical_altar_venn
D:2:      layout_basic, guppyfry_early_lair_pool
D:3:      layout_basic, grunt_decor_arrowhead
D:4:      layout_basic, minmay_overflow_temple_star_quad
D:5:      layout_loops_ring, grunt_temple_overflow_lords_of_destruction,
          nrook_mini_vaults, serial_bayou_ford_a, grunt_ministairs_13
D:6:      layout_rooms, nicolae_overflow_crystal_walls,
          gammafunk_temple_overflow_claw, minmay_temple_entry_wispy,
          minmay_misc_feat_room, uniq_blork_the_orc, uniq_crazy_yiuf_cottage
D:7:      layout_cave_pools, kennysheep_mini, serial_shops,
          nicolae_shop_peninsula, minmay_misc_feat_tiny,
          hellmonk_guarded_unrand_vitality_bloodlust
D:8:      layout_basic, mainiacjoe_overflow_brackets, enter_ossuary_1
D:9:      layout_basic, mainiacjoe_overflow_alcove_4,
          lemuel_coloured_pillars_altar, lightli_corner_chamber
D:10:     layout_basic, old_standard_altar
D:11:     layout_long_grid, dpeg_oklobed_lair, lemuel_flamethrower_2
Temple:   hellmonk_temple_of_storms
Lair:1:   layout_big_grid, grunt_megastairs_1, infiniplex_staircase_pool_2,
          serial_bayou_shore_a, serial_bayou_shore_b, serial_bayou_shore_b,
          uniq_erica
Lair:2:   layout_regular_city, minmay_swamp_entry_eels,
          chequers_serial_rivers_micro_e, grunt_megastairs_5, uniq_nergalle,
          uniq_gastronok
Lair:3:   layout_long_grid, guppyfry_snake_entry_island, uniq_snorg
Lair:4:   nzn_winding_woodlands_cross [nzn_winding_woodlands_5x15_pockets,
          nzn_winding_woodlands_5x15_sidewinder,
          nzn_winding_woodlands_5x15_garden, nzn_winding_woodlands_5x15_pool,
          nzn_winding_woodlands_15x15_five_gardens], layout_gridlike
Lair:5:   evil_forest, layout_regular_city, nicolae_slime_entry_slimehenge

Skill      XL: |  1  2  3  4  5  6  7  8  9 10 11 12 |
---------------+-------------------------------------+-----
Ranged Weapons | 5 6 7 8 9 11 12 14 15 16 | 16.0
Fighting       | 3 4 5 7 8 9 10 | 10.1
Armour         | 1 2 4 5 |  5.1
Dodging        | 4 5 7 8 9 |  9.0
Invocations    | 4 8 10 | 10.0
Stealth        | |  0.7

Action                     |  1- 3 |  4- 6 |  7- 9 | 10-12 || total
---------------------------+-------+-------+-------+-------++-------
   Fire: Shortbow          |   113 |    71 |    90 |       ||   274
         Orcbow            |       |       |   332 |   582 ||   914
 Invoke: Heroism           |       |       |     8 |    19 ||    27
    Use: Scroll            |    10 |     8 |     9 |     7 ||    34
         Potion            |       |     1 |     4 |     3 ||     8
 Armour: Leather armour    |    12 |     1 |       |       ||    13
         Ring mail         |       |     5 |    68 |   104 ||   177
         Robe              |       |       |    16 |       ||    16
  Dodge: Dodged            |    27 |     9 |   190 |   327 ||   553

Table legend:
 A = Non-vault XP
 B = Vault XP
 C = Vault XP percentage of total XP
 D = Non-vault monster count
 E = Vault monster count
 F = Vault count percentage of total count
                 A         B        C        D         E       F
            +---------+---------+-------+---------+---------+-------
      Total |   24971 |    5755 |  18.7 |     261 |      35 |  11.8
            +---------+---------+-------+---------+---------+-------
        D:1 |      38 |       0 |   0.0 |      25 |       0 |   0.0
        D:2 |      48 |       0 |   0.0 |      18 |       0 |   0.0
        D:3 |     142 |       0 |   0.0 |      18 |       0 |   0.0
        D:4 |     367 |       0 |   0.0 |       8 |       0 |   0.0
        D:5 |     520 |     124 |  19.3 |      11 |       3 |  21.4
        D:6 |     785 |      94 |  10.7 |      14 |       1 |   6.7
        D:7 |     940 |       0 |   0.0 |      31 |       0 |   0.0
        D:8 |    1969 |       0 |   0.0 |      35 |       0 |   0.0
        D:9 |    2110 |       0 |   0.0 |      24 |       0 |   0.0
       D:10 |    3390 |       0 |   0.0 |      14 |       0 |   0.0
       D:11 |    4479 |       0 |   0.0 |      24 |       0 |   0.0
     Lair:1 |    4267 |    2474 |  36.7 |      17 |       4 |  19.0
     Lair:2 |    5438 |    2750 |  33.6 |      18 |      10 |  35.7
     Lair:3 |     331 |     157 |  32.2 |       3 |       1 |  25.0
     Lair:5 |     147 |       0 |   0.0 |       1 |       0 |   0.0
    Ossuary |       0 |     156 | 100.0 |       0 |      16 | 100.0
            +---------+---------+-------+---------+---------+-------
